 Dungeon Crawl Stone Soup version 0.29.1-12-g30fa7ad0bf (webtiles) character file.

Game seed: 8814963280152333317

4 mortz the Trooper (level 1, 0/14 HPs)
             Began as a Gargoyle Abyssal Knight on Jan 2, 2023.
             Was a Believer of Lugonu.
             Frozen to death by an endoplasm (3 damage)
             ... on level 1 of the Dungeon.
             The game lasted 00:01:21 (304 turns).

mortz the Trooper (Gargoyle Abyssal Knight)          Turns: 304, Time: 00:01:22

Health: 0/14       AC:  5    Str: 16    XL:     1   Next: 70%
Magic:  2/2        EV: 11    Int: 10    God:    Lugonu [**....]
Gold:   0          SH:  0    Dex: 10    Spells: 0/0 levels left

rFire   . . .      SeeInvis .   a - +1 mace
rCold   . . .      Faith    .   (no shield)
rNeg    + . .      Spirit   .   b - +0 leather armour
rPois   ∞          Reflect  .   (no helmet)
rElec   +          Harm     .   (no cloak)
rCorr   .          Rampage  .   (no gloves)
Will    .....                   (no boots)
Stlth   +.........              (no amulet)
HPRegen 0.04/turn               (no ring)
MPRegen 0.08/turn               (no ring)

@: no status effects
A: sickness immunity, AC +2, negative energy resistance 1, electricity
resistance, torment resistance 1, petrification resistance
a: Renounce Religion, Depart the Abyss, Bend Space


You were on level 1 of the Dungeon.
You worshipped Lugonu.
Lugonu was pleased with you.
You visited 1 branch of the dungeon, and saw 1 of its levels.
You visited the Abyss 1 time.

Inventory:

Hand Weapons
 a - a +1 mace (weapon)
Missiles
 c - 10 stones
 f - 2 poisoned darts
Armour
 b - a +0 leather armour (worn)
Scrolls
 d - a scroll of teleportation {unknown}
 e - a scroll of poison {unknown}
 g - a scroll of identify {unknown}


   Skills:
 + Level 3.3 Fighting
 + Level 2.1 Maces & Flails
 + Level 2.3 Armour
 + Level 0.9 Dodging
 + Level 2.1 Invocations


You couldn't memorise any spells.
You didn't know any spells.
Your spell library was empty.

Dungeon Overview and Level Annotations

Branches:
Dungeon (1/15) Zot: 5687

Altars:


Innate Abilities, Weirdness & Mutations

You are immune to sickness and miasma.
Your stone body is resilient. (AC +2)
You are immune to poison.
You resist negative energy. (rN+)
You are resistant to electric shocks. (rElec)
You are resistant to unholy torment.
You are immune to petrification.


Message History

c - 10 stones (gained 1)
You see here a +0 whip.
You see here a +0 leather armour.
f - 2 poisoned darts
g - a scroll labelled ICULAKLU NUSOL A bat comes into view.
Found a stone staircase leading down.
The bat closely misses you.
You miss the bat. The bat closely misses you. x2
You closely miss the bat. Your punch misses the bat.
The bat closely misses you.
An endoplasm comes into view.
Found 15 gold pieces.
The endoplasm quivers.
The bat closely misses you. The bat barely misses you.
You barely miss the endoplasm. The bat barely misses you.
The endoplasm freezes you.
You are frozen.
The endoplasm misses you.
You hit the endoplasm. The bat barely misses you. The endoplasm freezes you.
You are frozen.
You are too injured to fight recklessly!
You are too injured to fight recklessly!
You are too injured to fight recklessly!
You are too injured to fight recklessly!
You are too injured to fight recklessly!
You are too injured to fight recklessly!
You are too injured to fight recklessly!
The bat hits you.
* * * LOW HITPOINT WARNING * * *
You miss the bat. The bat barely misses you. The bat hits you.
* * * LOW HITPOINT WARNING * * *
You closely miss the bat. The bat barely misses you.
You sock the bat!
You kill the bat!
Lugonu accepts your kill. The endoplasm freezes you.
You are frozen.
You die...

#...+.......#
#...#.......#
#####...#.......#
......#.).......#
......#####.#.### ......#
#.#.# # ......# #.#.#
####.#
......#####.#.#####....#.#
................@J.....>$#
########.####.#####$..#..#
###......# #...#
#........# ##....
####....)...# ##....
#...........# ###.#
#.....[.....# #
#...........#
####........#


You could see an endoplasm.

Vanquished Creatures
  2 bats (D:1)
  2 kobolds (D:1)
  2 frilled lizards (D:1)
6 creatures vanquished.

Notes
Turn   | Place    | Note
-------+----------+-------------------------------------------
     0 | Abyss:1  | mortz the Gargoyle Abyssal Knight began the quest for the
                  | Orb.
     0 | Abyss:1  | Reached XP level 1. HP: 14/14 MP: 2/2
     1 | D:1      | Escaped the Abyss
   304 | D:1      | Frozen to death by an endoplasm

Illustrated notes

Levels and vault maps discovered:
D:1:      dpeg_arrival_pond, layout_basic,
          shapermc_ecumenical_altar_mp_highgroup, minmay_3d_cube

Action                   || total
-------------------------++-------
Melee: Mace              ||    31
Armor: Leather armour    ||    16
Dodge: Dodged            ||    34
